 Dungeon Crawl Stone Soup version 0.24-a0-341-g52ca42d3ec (webtiles) character file.

Game seed: 2424095276448582934

7956 tsouns the Fighter (level 11, -9/97 HPs)
             Began as a Pale Draconian Hunter on May 20, 2019.
             Was a High Priest of Okawaru.
             Killed from afar by a fire dragon (43 damage)
             ... with a blast of flame
             ... on level 9 of the Dungeon.
             The game lasted 00:21:16 (7802 turns).

tsouns the Fighter (Pale Draconian Hunter)          Turns: 7802, Time: 00:21:17

Health: -9/97      AC: 12    Str: 16    XL:     11   Next: 3%
Magic:  14/15      EV: 19    Int: 15    God:    Okawaru [*****.]
Gold:   501        SH: 12    Dex: 13    Spells: 10/10 levels left

rFire    . . .     SeeInvis .   w - +3 broad axe (chop)
rCold    + . .     Gourm    .   u - +0 shield
rNeg     . . .     Faith    .   (armour unavailable)
rPois    .         Spirit   .   p - +2 hat {Int+3}
rElec    .         Reflect  .   B - +0 cloak
rCorr    .         Harm     .   (no gloves)
MR       .....                  v - +1 pair of boots
Stlth    +++.......             (no amulet)
HPRegen  0.26/turn              a - ring of protection from cold
MPRegen  0.14/turn              o - +5 ring of evasion

@: heroism, drained
A: breathe steam, unfitting armour, cold-blooded, AC +7
a: Breathe Steam, Heroism, Finesse, Renounce Religion


You were on level 9 of the Dungeon.
You worshipped Okawaru.
Okawaru was extremely pleased with you.
You were not hungry.

You visited 2 branches of the dungeon, and saw 10 of its levels.

You collected 501 gold pieces.

Inventory:

Hand Weapons
 h - a +0 short sword of flaming
 w - a +3 broad axe of chopping (weapon)
Missiles
 g - 348 stones
 k - 7 boomerangs (quivered)
 q - 9 atropa-tipped darts
 s - 4 throwing nets
 y - 11 boomerangs of dispersal
 F - 2 silver javelins
 G - 7 silver boomerangs
 I - 3 javelins
Armour
 p - a +2 hat of intelligence (worn)
 u - a +0 shield (worn)
 v - a +1 pair of boots (worn)
 B - a +0 cloak (worn)
Jewellery
 a - a ring of protection from cold (left hand)
 e - an uncursed ring of positive energy
 l - an uncursed ring of wizardry
 o - a +5 ring of evasion (right hand)
 A - an uncursed ring of stealth
Wands
 b - a wand of iceblast (3)
 z - a wand of acid (4)
 K - a wand of disintegration (7)
Scrolls
 c - a scroll of amnesia
 j - 5 scrolls of remove curse
 x - 3 scrolls of teleportation
 E - a scroll of fog
 L - a scroll of identify
Potions
 f - a potion of mutation
 i - 2 potions of degeneration
 m - 4 potions of flight
 n - 2 potions of magic
 r - 2 potions of berserk rage
 t - a potion of curing
 C - 2 potions of might
 H - a potion of haste
Miscellaneous
 J - a lamp of fire
Comestibles
 d - 17 rations
 D - 4 chunks of flesh


   Skills:
 + Level 9.5(13.6) Fighting
 - Level 2.6(6.8) Short Blades
 + Level 7.5(11.6) Axes
 + Level 8.6(12.7) Throwing
 - Level 1.7(6.0) Dodging
 - Level 1.5(5.7) Stealth
 + Level 7.0(11.1) Shields
 + Level 5.8(5.0) Invocations


You had 10 spell levels left.
You didn't know any spells.
Your spell library contained the following spells:

 Spells                   Type           Power        Failure   Level  Hunger
 Animate Skeleton         Necr           N/A          41%         1    ##.....
 Apportation              Tloc           #.....       41%         1    ##.....
 Confusing Touch          Hex            #.....       41%         1    ##.....
 Summon Butterflies       Summ           #.......     41%         1    ##.....
 Summon Small Mammal      Summ           #...         41%         1    ##.....
 Call Canine Familiar     Summ           #.......     78%         3    ####...
 Summon Ice Beast         Ice/Summ       #.......     99%         4    #####..
 Summon Mana Viper        Hex/Summ       #.......     100%        5    ######.
 Summon Hydra             Summ           #.........   100%        7    #######


Dungeon Overview and Level Annotations

Branches:
Dungeon (9/15)             Temple (1/1) D:6
   Lair: D:8-11         Orc: D:9-12

Altars:
Ashenzari
Dithmenos
Elyvilon
Fedhas
Gozag
Hepliaklqana
Kikubaaqudgha
Makhleb
Nemelex Xobeh
Okawaru
Qazlal
Ru
Sif Muna
Trog
Vehumet
Wu Jian
Xom
Yredelemnul
Zin
The Shining One


Innate Abilities, Weirdness & Mutations

You can breathe blasts of scalding, opaque steam.
Your pale cyan-grey scales are hard. (AC +7)
You cannot fit into any form of body armour.
You are cold-blooded and may be slowed by cold attacks.


Message History

The fire dragon is severely wounded.
The fire dragon breathes flames at you. The blast of flame hits you!!
You slash the fire dragon!
The fire dragon is almost dead.
The fire dragon closely misses you. x2; You block the fire dragon's attack.
You hit the fire dragon but do no damage.
The fire dragon is almost dead.
You have got your breath back.
The fire dragon bites you but does no damage.
You block the fire dragon's attack. x2
You hit the fire dragon.
The fire dragon is almost dead.
You block the fire dragon's attack. x2
The fire dragon tramples you but does no damage.
You barely miss the fire dragon.
The fire dragon is almost dead.
The fire dragon breathes flames at you. The blast of flame hits you!!!
You die...

...........#
#.#
........####
#.#
#.......#
#.##
........#
#..#
......#.#
##.#
..#...###
#.# ###..##
#.## #....#
#..# ###..##
##@.##
######
##.D..## .#
#......# ##
#......## ##
##.......#
.#
#........#
##
#......≈≈# #
#.....≈≈≈#
#≈§.≈≈≈≈≈#


You could see a fire dragon.

Vanquished Creatures
  Gastronok (D:8)
  Harold (D:7)
  A cyclops (D:8)
  A troll (D:9)
  A hornet (D:8)
  A hippogriff (D:8)
  Prince Ribbit (D:7)
  4 hogs (D:7)
  A human (D:7)
  Grum (D:8)
  An ice beast (D:6)
  A phantom (D:4)
  3 wolves (D:8)
  5 ogres
  An eye of draining (D:9)
  3 centaurs
  A crocodile (D:8)
  2 big kobolds (D:7)
  3 bullfrogs
  4 scorpions
  9 killer bees
  10 wights
  A howler monkey (D:8)
  3 crimson imps
  3 hounds
  A jelly (D:5)
  Crazy Yiuf (D:6)
  A bullfrog zombie (D:8)
  2 orc priests (D:8)
  A centaur skeleton (D:9)
  7 orc wizards
  2 iguanas
  7 worker ants
  A hound zombie (D:9)
  A hound skeleton (D:5)
  A worker ant zombie (D:9)
  3 gnolls (D:8)
  10 adders
  A shadow imp (D:6)
  An ooze (D:1)
  An adder zombie (D:5)
  3 adder skeletons
  3 worms (D:2)
  3 dart slugs
  3 leopard geckos
  28 orcs
  2 ball pythons (D:2)
  6 bats
  7 giant cockroaches
  7 goblins
  8 hobgoblins
  16 jackals
  10 kobolds
  3 quokkas
  A frilled lizard (D:4)
  A jackal skeleton (D:4)
  A leopard gecko skeleton (D:4)
  2 quokka skeletons
  4 rats
  A spectral orc (D:9)
213 creatures vanquished.

Notes
Turn   | Place    | Note
-------+----------+-------------------------------------------
     0 | D:1      | tsouns the Draconian Hunter began the quest for the Orb.
     0 | D:1      | Reached XP level 1. HP: 17/17 MP: 1/1
   256 | D:1      | Reached XP level 2. HP: 25/25 MP: 2/2
   736 | D:1      | Reached skill level 3 in Fighting
   818 | D:1      | Reached XP level 3. HP: 31/31 MP: 3/3
  1132 | D:2      | Reached skill level 1 in Stealth
  1493 | D:2      | Found a shimmering altar of Xom.
  1504 | D:2      | Reached XP level 4. HP: 38/38 MP: 4/4
  1606 | D:2      | Found a stormy altar of Qazlal.
  1616 | D:2      | Reached skill level 1 in Short Blades
  2310 | D:3      | Reached XP level 5. HP: 33/46 MP: 5/5
  2405 | D:3      | Reached skill level 4 in Fighting
  2440 | D:3      | HP: 2/46 [poisoned by an orc wizard]
  2448 | D:3      | HP: 1/46 [poisoned by an orc wizard]
  3118 | D:4      | Noticed a phantom
  3157 | D:4      | Killed a phantom
  3157 | D:4      | Reached skill level 5 in Throwing
  3157 | D:4      | Reached XP level 6. HP: 37/53 MP: 6/6
  3203 | D:4      | Found a sparkling altar of Nemelex Xobeh.
  3463 | D:4      | Reached skill level 1 in Axes
  3538 | D:6      | Found a shadowy altar of Dithmenos.
  3539 | D:6      | Noticed an ice beast
  3543 | D:5      | Entered Level 5 of the Dungeon
  3545 | D:5      | Reached skill level 5 in Fighting
  3624 | D:5      | Your scales start taking on a pale cyan-grey colour.
  3624 | D:5      | Reached XP level 7. HP: 61/61 MP: 7/7
  4128 | D:5      | Reached skill level 1 in Shields
  4325 | D:6      | Reached skill level 6 in Fighting
  4524 | D:6      | Found a staircase to the Ecumenical Temple.
  4540 | Temple   | Entered the Ecumenical Temple
  4629 | Temple   | Became a worshipper of Warmaster Okawaru
  4724 | D:6      | Reached XP level 8. HP: 67/70 MP: 8/8
  4941 | D:9      | Noticed a troll
  4954 | D:9      | Killed a troll
  4954 | D:9      | Reached * piety under Okawaru
  5027 | D:9      | Reached skill level 7 in Fighting
  5380 | D:9      | Found a basalt altar of Yredelemnul.
  5431 | D:8      | Noticed Prince Ribbit
  5452 | D:7      | Reached XP level 9. HP: 47/79 MP: 9/9
  5462 | D:7      | Killed Prince Ribbit
  5462 | D:7      | Reached ** piety under Okawaru
  5462 | D:7      | Reached skill level 5 in Axes
  5607 | D:7      | Noticed Harold
  5622 | D:7      | Killed Harold
  5622 | D:7      | Reached *** piety under Okawaru
  5622 | D:7      | Reached skill level 8 in Fighting
  5622 | D:7      | Reached skill level 5 in Shields
  5945 | D:7      | Reached **** piety under Okawaru
  6158 | D:7      | Reached XP level 10. HP: 68/90 MP: 12/12
  6372 | D:6      | Found a runed translucent door.
  6373 | D:6      | Noticed Crazy Yiuf
  6478 | D:6      | Killed Crazy Yiuf
  6922 | D:8      | Noticed a cyclops
  6929 | D:8      | Noticed Gastronok
  6930 | D:8      | Killed a cyclops
  6959 | D:8      | Killed Gastronok
  6959 | D:8      | Reached ***** piety under Okawaru
  6959 | D:8      | Received a gift from Okawaru
  6959 | D:8      | Received a gift from Okawaru
  6959 | D:8      | Reached skill level 9 in Fighting
  6959 | D:8      | Reached skill level 5 in Invocations
  7233 | D:8      | Noticed Grum
  7240 | D:8      | Killed Grum
  7261 | D:8      | Received a gift from Okawaru
  7286 | D:8      | Found a sacrificial altar of Ru.
  7656 | D:9      | Reached XP level 11. HP: 80/97 MP: 15/15
  7784 | D:9      | Noticed a fire dragon
  7802 | D:9      | Killed from afar by a fire dragon

Levels and vault maps discovered:
D:1:      lemuel_arrival_cross, layout_loops_ring
D:2:      layout_basic, old_standard_altar, lemuel_doored_altar
D:3:      layout_loops_corners
D:4:      layout_rooms, kennysheep_mini, first_ration
D:5:      layout_cave_pods, st_stairs_9
D:6:      layout_rooms, minmay_temple_entry_butterflies,
          minmay_misc_feat_square, grunt_dithmenos_smoke_and_mirrors,
          uniq_crazy_yiuf_cottage
D:7:      layout_basic, grunt_livestock, minmay_unpleasant_kobolds, uniq_harold
D:8:      layout_cave_pools, nicolae_overflow_hidden_temple,
          uniq_prince_ribbit1, uniq_grum, uniq_gastronok
D:9:      dragon1_lemuel, layout_cross, yredelemnul_forgotten_temple_becter
Temple:   minmay_crystal_spiral_temple

Skill      XL: |  1  2  3  4  5  6  7  8  9 10 11 |
---------------+----------------------------------+-----
Throwing       | 4 5 6 7 8 |  8.6
Fighting       | 3 4 5 6 7 8 9 |  9.5
Stealth        | 1 |  1.5
Short Blades   | 1 2 |  2.6
Axes           | 2 3 4 6 7 |  7.5
Shields        | 2 4 5 6 7 |  7.0
Invocations    | 3 5 |  5.8
Dodging        | |  1.7

Action                   |  1- 3 |  4- 6 |  7- 9 | 10-12 || total
-------------------------+-------+-------+-------+-------++-------
Melee: Short sword       |   114 |   129 |       |       ||   243
       Tailslap          |     6 |    20 |    24 |    16 ||    66
       Broad axe         |       |    45 |   198 |   164 ||   407
Throw: Javelin           |    16 |    17 |    18 |     5 ||    56
       Throwing net      |     4 |     3 |     1 |       ||     8
       Stone             |       |     2 |       |       ||     2
       Boomerang         |       |       |     2 |    34 ||    36
Invok: Heroism           |       |       |     1 |     4 ||     5
 Abil: Breathe Steam     |       |       |       |     3 ||     3
Evoke: Wand              |       |     2 |       |     2 ||     4
  Use: Potion            |       |     1 |     5 |       ||     6
       Scroll            |       |     8 |     8 |     1 ||    17
 Stab: Held in net/web   |     1 |       |       |       ||     1
       Sleeping          |       |       |     1 |       ||     1
  Eat: Chunk             |     2 |     4 |     1 |     6 ||    13
       Ration            |       |     1 |     2 |       ||     3
Armor: Skin              |    33 |    65 |    37 |    60 ||   195
Dodge: Dodged            |    94 |   174 |   160 |   122 ||   550
Block: Shield            |       |    29 |   103 |   128 ||   260

Table legend:
 A = Non-vault XP
 B = Vault XP
 C = Vault XP percentage of total XP
 D = Non-vault monster count
 E = Vault monster count
 F = Vault count percentage of total count
                 A         B        C        D         E       F
            +---------+---------+-------+---------+---------+-------
      Total |    6015 |    5352 |  47.1 |     191 |      22 |  10.3
            +---------+---------+-------+---------+---------+-------
        D:1 |      41 |       0 |   0.0 |      20 |       0 |   0.0
        D:2 |     128 |       0 |   0.0 |      27 |       0 |   0.0
        D:3 |     104 |       0 |   0.0 |      14 |       0 |   0.0
        D:4 |     320 |       0 |   0.0 |      13 |       0 |   0.0
        D:5 |     456 |      95 |  17.2 |      20 |       2 |   9.1
        D:6 |     683 |      41 |   5.7 |      20 |       1 |   4.8
        D:7 |     602 |    2476 |  80.4 |      19 |      13 |  40.6
        D:8 |    2037 |    2739 |  57.3 |      30 |       5 |  14.3
        D:9 |    1644 |       1 |   0.1 |      28 |       1 |   3.4
            +---------+---------+-------+---------+---------+-------
